 Dungeon Crawl Stone Soup version 0.16-a0-967-g37ceb3c (console) character file.

200227 Garrluk the Destroyer (level 18, -7/108 HPs)
             Began as a Deep Elf Fire Elementalist on Oct 2, 2014.
             Was the Champion of Vehumet.
             Mangled by a water elemental (19 damage)
             ... summoned by Ilsuiw
             ... on Level 5 of the Shoals.
             The game lasted 02:57:18 (40564 turns).

Garrluk the Destroyer (Deep Elf Fire Elementalist) Turns: 40564, Time: 02:57:18

HP  -7/108       AC 11     Str  3      XL: 18   Next: 26%
MP  37/50        EV 14     Int 31      God: Vehumet [******]
Gold 2095        SH  0     Dex 15      Spells: 12 memorised,  7 levels left

rFire  + + +     SeeInvis +     x - +7 spear "Veill" {freeze, *Rage rElec rF++ Stlth++}
rCold  . . .     Rnd*Rage +     n - +2 robe {rF+}
rNeg   . . .     rCorr    .     (no shield)
rPois  +         rRot     .     b - +3 crown of Dyrovepreva {rElec Int+2 SInv}
rElec  +         Spirit   .     r - +1 cloak
SustAb .         Warding  .     h - +0 pair of gloves
rMut   .         Stasis   .     V - +0 pair of boots
Gourm  +                        y - amulet of the gourmand
MR     +....                    t - ring of magical power
                                B - ring of Rosesch {rPois Str-2 Stlth+}

@: swift, flying, studying Fire Magic, deflect missiles, quick, somewhat
resistant to hostile enchantments, quite stealthy
A: horns 1, sense surroundings 1
a: Renounce Religion


You were on level 5 of the Shoals.
You worshipped Vehumet.
Vehumet was exalted by your worship.
You were very full.

You visited 6 branches of the dungeon, and saw 36 of its levels.
You also visited: Labyrinth and Volcano.

You collected 4523 gold pieces.
You spent 2428 gold pieces at shops.

Notes
Turn   | Place    | Note
--------------------------------------------------------------
     0 | D:1      | Garrluk, the Deep Elf Fire Elementalist, began the quest for the Orb.
     0 | D:1      | Reached XP level 1. HP: 10/10 MP: 5/5
   191 | D:1      | Reached XP level 2. HP: 9/15 MP: 4/8
   900 | D:2      | Reached XP level 3. HP: 19/19 MP: 5/11
   946 | D:2      | Noticed Sigmund
   992 | D:1      | Learned a level 3 spell: Conjure Flame
  1242 | D:2      | Noticed Jessica
  1246 | D:2      | Killed Jessica
  1246 | D:2      | Reached skill level 4 in Fire Magic
  1470 | D:2      | Noticed Crazy Yiuf
  1508 | D:2      | Killed Crazy Yiuf
  1508 | D:2      | Reached XP level 4. HP: 24/24 MP: 1/14
  1825 | D:3      | Learned a level 4 spell: Sticky Flame
  2023 | D:3      | Reached XP level 5. HP: 21/28 MP: 14/18
  2278 | D:3      | Noticed ciphuk's ghost (average DrTm)
  2315 | D:3      | Killed ciphuk's ghost
  2395 | D:3      | Reached XP level 6. HP: 21/32 MP: 11/20
  2557 | D:3      | Reached skill level 5 in Spellcasting
  2747 | D:3      | Reached skill level 5 in Fire Magic
  2765 | D:3      | Found a sparkling altar of Nemelex Xobeh.
  2765 | D:3      | Found a glowing silver altar of Zin.
  2840 | D:4      | Learned a level 5 spell: Fireball
  2875 | D:4      | Got a steaming spear
  2876 | D:4      | Identified the +7 spear "Veill" {freeze, *Rage rElec rF++ Stlth++} (You found it on level 4 of the Dungeon)
  3178 | D:4      | Gained mutation: You occasionally shout uncontrollably at your foes. [potion of mutation]
  3178 | D:4      | Gained mutation: You passively map a small area around you. [potion of mutation]
  3178 | D:4      | Gained mutation: You are robust (+10% HP). [potion of mutation]
  3280 | D:4      | Reached skill level 5 in Conjurations
  3434 | D:4      | Found a burning altar of Makhleb.
  3438 | D:4      | Found a sacrificial altar of Ru.
  3451 | D:4      | Found a white marble altar of Elyvilon.
  3453 | D:4      | Found a shattered altar of Ashenzari.
  3523 | D:5      | Entered Level 5 of the Dungeon
  3781 | D:5      | Reached XP level 7. HP: 39/39 MP: 12/23
  3820 | D:5      | Reached skill level 6 in Spellcasting
  4412 | D:6      | Reached skill level 7 in Conjurations
  4545 | D:6      | Reached XP level 8. HP: 39/46 MP: 26/26
  4845 | D:6      | Reached skill level 1 in Fighting
  4979 | D:6      | Found a staircase to the Ecumenical Temple.
  4992 | Temple   | Entered the Ecumenical Temple
  5065 | Temple   | Became a worshipper of Vehumet
  5196 | D:6      | Noticed Eustachio
  5203 | D:6      | Killed Eustachio
  5435 | D:7      | Found a sacrificial altar of Ru.
  5484 | D:7      | Reached skill level 8 in Conjurations
  5579 | D:7      | Found a glowing golden altar of the Shining One.
  5627 | D:7      | Acquired Vehumet's first power
  5627 | D:7      | Offered knowledge of Magic Dart by Vehumet.
  5818 | D:7      | Reached XP level 9. HP: 45/52 MP: 28/28
  5906 | D:8      | Got a steaming jade ring
  5908 | D:8      | Identified the ring of Rosesch {rPois Str-2 Stlth+} (You found it on level 8 of the Dungeon)
  5913 | D:8      | Noticed a griffon
  5940 | D:8      | Killed a griffon
  5940 | D:8      | Reached skill level 9 in Conjurations
  6388 | D:8      | Reached skill level 10 in Conjurations
  6605 | D:8      | Offered knowledge of Sandblast by Vehumet.
  6687 | D:8      | Reached XP level 10. HP: 58/61 MP: 31/31
  6693 | D:8      | Found a staircase to the Lair.
  7316 | D:9      | HP: 1/61 [ogre/giant club (16)]
  7601 | D:9      | Found a roughly hewn altar of Beogh.
  7605 | D:9      | Found a staircase to the Orcish Mines.
  7685 | D:9      | Reached skill level 11 in Conjurations
  7743 | D:9      | Offered knowledge of Throw Frost by Vehumet.
  7815 | D:9      | Reached skill level 10 in Spellcasting
  7842 | D:9      | Acquired Vehumet's second power
  7855 | D:9      | Learned a level 3 spell: Flight
  8016 | D:10     | Entered Level 10 of the Dungeon
  8046 | D:10     | Learned a level 5 spell: Ignite Poison
  8074 | D:10     | Noticed a hill giant
  8084 | D:10     | Killed a hill giant
  8217 | D:10     | Offered knowledge of Stone Arrow by Vehumet.
  8231 | D:10     | Learned a level 3 spell: Stone Arrow
  8236 | D:10     | Learned a level 4 spell: Petrify
  8326 | D:10     | Learned a level 2 spell: Swiftness
  8682 | D:10     | Reached skill level 1 in Charms
  8733 | D:10     | Lost mutation: You occasionally shout uncontrollably at your foes. [potion of cure mutation]
  8733 | D:10     | Lost mutation: You are robust (+10% HP). [potion of cure mutation]
  8733 | D:10     | Lost mutation: You passively map a small area around you. [potion of cure mutation]
  8784 | D:10     | Reached skill level 1 in Air Magic
  8840 | D:10     | Noticed a hill giant
  8849 | D:10     | Killed a hill giant
  8873 | D:10     | Reached XP level 11. HP: 62/62 MP: 25/32
  9057 | D:11     | Acquired Vehumet's third power
  9057 | D:11     | Reached skill level 12 in Conjurations
  9198 | D:11     | Offered knowledge of Lightning Bolt by Vehumet.
  9373 | D:11     | Got a warped trident
  9374 | D:11     | Identified the +10 trident of Circularity {pierce, Str+2} (You took it off an orc warrior on level 11 of the Dungeon)
 10085 | D:11     | Found Vanain's Jewellery Shoppe.
 10364 | D:12     | Noticed a hill giant
 10371 | D:12     | Killed a hill giant
 10411 | D:12     | Offered knowledge of Olgreb's Toxic Radiance by Vehumet.
 10632 | D:12     | Reached skill level 5 in Charms
 10942 | D:12     | Got a bloodstained scale mail
 10943 | D:12     | Identified the +5 scale mail of the Lost Wonders {+Blink rElec rN+} (You found it on level 12 of the Dungeon)
 10953 | D:12     | Reached skill level 10 in Fire Magic
 10954 | D:12     | Noticed a hill giant
 10966 | D:12     | Killed a hill giant
 10966 | D:12     | Reached skill level 13 in Conjurations
 11093 | D:12     | Noticed a hill giant
 11101 | D:12     | Killed a hill giant
 11322 | D:12     | Noticed a hill giant
 11327 | D:12     | Killed a hill giant
 11436 | D:13     | Found Qoraf's Assorted Antiques.
 11469 | D:13     | Noticed a vault guard
 11470 | D:13     | Noticed a vault guard
 11470 | D:13     | Noticed a vault guard
 11476 | D:13     | Noticed a vault guard
 11476 | D:13     | Noticed a vault guard
 11476 | D:13     | Killed a vault guard
 11476 | D:13     | Reached XP level 12. HP: 67/67 MP: 21/34
 11477 | D:13     | Noticed a vault guard
 11484 | D:13     | Killed a vault guard
 11488 | D:13     | Noticed a vault guard
 11559 | D:13     | Found a labyrinth entrance.
 11617 | D:13     | Found a portal to a secret trove of treasure.
 11684 | Lab      | Entered a labyrinth
 13552 | Lab      | Noticed a minotaur
 13556 | Lab      | Killed a minotaur
 13562 | Lab      | Identified a +1 rod of inaccuracy (14/14) (You found it in a labyrinth)
 13563 | Lab      | Identified a +0 rod of the swarm (14/14) (You found it in a labyrinth)
 13610 | Lab      | Got a twisted war axe
 13611 | Lab      | Identified the +2 war axe of Broken Luck {drain, rPois SInv} (You found it in a labyrinth)
 13698 | D:13     | Killed a vault guard
 13758 | D:13     | Found a shimmering altar of Xom.
 13758 | D:13     | Found a shimmering altar of Xom.
 13758 | D:13     | Found a shimmering altar of Xom.
 13758 | D:13     | Found a shimmering altar of Xom.
 13758 | D:13     | Found a shimmering altar of Xom.
 13781 | D:13     | Reached skill level 5 in Air Magic
 13788 | D:13     | Killed a vault guard
 14179 | D:13     | Found a gate to the Vaults.
 14235 | D:13     | Killed a vault guard
 14235 | D:13     | Reached skill level 14 in Conjurations
 14403 | D:13     | Found a shattered altar of Ashenzari.
 14471 | D:13     | Noticed an unseen horror
 14473 | D:13     | Killed an unseen horror
 14580 | D:13     | Killed a vault guard
 14936 | D:13     | Noticed a vault guard
 14940 | D:13     | Killed a vault guard
 14974 | D:13     | Noticed a centaur warrior
 14992 | D:13     | Killed a centaur warrior
 15232 | D:13     | Found a shimmering altar of Xom.
 15233 | D:13     | Found a shimmering altar of Xom.
 15535 | Lair:1   | Entered Level 1 of the Lair of Beasts
 15665 | Lair:1   | Found a white marble altar of Elyvilon.
 15989 | Lair:1   | Reached XP level 13. HP: 72/72 MP: 36/36
 16196 | Lair:1   | Learned a level 6 spell: Deflect Missiles
 16490 | Lair:1   | Gained mutation: You passively map a small area around you. [potion of beneficial mutation]
 16743 | Lair:2   | Found a dark tunnel.
 16752 | Volcano  | Entered a volcano
 16857 | Volcano  | Reached skill level 5 in Fighting
 17531 | Lair:2   | Reached skill level 15 in Conjurations
 17906 | Lair:2   | Noticed Gastronok
 17918 | Lair:2   | Killed Gastronok
 18785 | Lair:3   | Reached skill level 10 in Charms
 18787 | Lair:3   | Offered knowledge of Bolt of Magma by Vehumet.
 18908 | Lair:3   | Got a twisted plate armour
 18919 | Lair:3   | Identified the +6 plate armour of Slovenliness {Stlth+} (You found it on level 3 of the Lair of Beasts)
 19082 | Lair:3   | Noticed Rupert
 19094 | Lair:3   | Paralysed by Rupert for 3 turns
 19570 | Lair:4   | Learned a level 2 spell: Blink
 19680 | Lair:4   | Found a staircase to the Shoals.
 19689 | Lair:4   | Found a staircase to the Snake Pit.
 20348 | Lair:5   | Reached XP level 14. HP: 79/79 MP: 27/37
 21442 | Lair:6   | Reached skill level 16 in Conjurations
 21516 | Lair:6   | Found a staircase to the Slime Pits.
 21533 | Lair:6   | Noticed Mayheim's ghost (powerful FoFi)
 21769 | Lair:5   | Offered knowledge of Force Lance by Vehumet.
 21960 | Lair:6   | Killed Mayheim's ghost
 22035 | Lair:6   | Noticed wvc's ghost (powerful OgBe)
 22631 | Orc:1    | Entered Level 1 of the Orcish Mines
 22704 | Orc:1    | Found Thuph's Antique Armour Emporium.
 22715 | Orc:1    | Bought the +3 crown of Dyrovepreva {rElec Int+2 SInv} for 993 gold pieces
 22787 | Orc:1    | Found Louppol's Gadget Shop.
 22813 | Orc:1    | Found Upsameq's Distillery.
 22944 | Orc:1    | Found a bloodstained altar of Trog.
 22964 | Orc:1    | Found Jaca Tho's Assorted Antiques.
 22989 | Orc:1    | Found Yrima's Distillery.
 23316 | Orc:4    | Entered Level 4 of the Orcish Mines
 23316 | Orc:4    | Found a staircase to the Elven Halls.
 23319 | Orc:4    | Found Trigad's Assorted Antiques.
 23404 | Orc:2    | Found Tury's Antique Armour Shoppe.
 24146 | Orc:4    | Found Capiutz's Book Shoppe.
 24154 | Orc:4    | Bought a manual of Fire Magic for 1435 gold pieces
 24324 | Orc:4    | Offered knowledge of Bolt of Cold by Vehumet.
 24382 | Orc:4    | Found Buditeug's Assorted Antiques.
 24382 | Orc:4    | Found Bleung's Antique Armour Shoppe.
 24382 | Orc:4    | Found Marej's Food Emporium.
 24382 | Orc:4    | Found Zuuxuyn's Book Shop.
 25139 | Lair:6   | Killed wvc's ghost
 25472 | Lair:6   | Noticed Erica
 25476 | Lair:6   | Killed Erica
 25831 | Lair:7   | Found a blossoming altar of Fedhas.
 26103 | Lair:7   | Noticed Maud
 26122 | Lair:7   | Killed Maud
 26122 | Lair:7   | Reached XP level 15. HP: 83/86 MP: 9/39
 26638 | Lair:8   | Entered Level 8 of the Lair of Beasts
 26808 | Lair:8   | Offered knowledge of Poisonous Cloud by Vehumet.
 27489 | Lair:8   | Gained mutation: You have a pair of small horns on your head. [potion of beneficial mutation]
 27633 | Lair:8   | Reached skill level 17 in Conjurations
 27739 | Lair:8   | Reached skill level 15 in Spellcasting
 28629 | Snake:1  | Entered Level 1 of the Snake Pit
 28765 | Lair:1   | Learned a level 7 spell: Orb of Destruction
 28896 | Snake:1  | Reached XP level 16. HP: 91/95 MP: 40/40
 29044 | Snake:1  | Offered knowledge of Freezing Cloud by Vehumet.
 31220 | Snake:3  | Noticed Agnes
 31223 | Snake:3  | Killed Agnes
 31421 | Snake:3  | Noticed Mara
 31635 | Lair:1   | Learned a level 1 spell: Apportation
 31868 | Snake:3  | Got a twisted scale mail
 31869 | Snake:3  | Identified the +0 scale mail of the Present {Slay+6 Stlth+} (You found it on level 3 of the Snake Pit)
 31980 | Snake:2  | Reached XP level 17. HP: 100/100 MP: 21/40
 32236 | Shoals:1 | Entered Level 1 of the Shoals
 32239 | Shoals:1 | Offered knowledge of Delayed Fireball by Vehumet.
 32248 | Shoals:1 | Noticed Donald
 32682 | D:14     | Reached skill level 10 in Air Magic
 32911 | D:14     | Reached skill level 18 in Conjurations
 33481 | D:15     | Entered Level 15 of the Dungeon
 34334 | D:15     | Killed Kirke
 34455 | D:15     | Killed a vault guard
 34611 | D:15     | Got a smoking flail
 34612 | D:15     | Identified the cursed +0 flail of Starshine {elec, rPois Stlth-} (You took it off a vault guard on level 15 of the Dungeon)
 34994 | D:15     | Found a staircase to the Depths.
 35557 | Shoals:1 | Killed Donald
 36056 | Shoals:1 | Reached skill level 15 in Fire Magic
 36264 | Shoals:1 | Offered knowledge of Lehudib's Crystal Spear by Vehumet.
 36264 | Shoals:1 | Offered knowledge of Glaciate by Vehumet.
 36264 | Shoals:1 | Offered knowledge of Chain Lightning by Vehumet.
 36698 | Shoals:2 | Got a pair of polished gloves
 36750 | Shoals:2 | Identified the cursed -5 pair of gloves "Yxytuhiq" {+Rage rN+ Str+3 Stlth++} (You found it on level 2 of the Shoals)
 36790 | Shoals:2 | Noticed Frances
 36984 | Shoals:2 | Killed Frances
 37299 | Shoals:2 | Noticed Asterion
 37313 | Shoals:2 | Killed Asterion
 37630 | Shoals:2 | Reached skill level 10 in Fighting
 38578 | Shoals:3 | Reached skill level 19 in Conjurations
 38686 | Shoals:3 | Got a distressingly furry robe
 38687 | Shoals:3 | Identified the cursed +2 robe of Psish {Str+2 Dex+1} (You found it on level 3 of the Shoals)
 39237 | Shoals:4 | Reached XP level 18. HP: 104/107 MP: 41/42
 39871 | Shoals:5 | Entered Level 5 of the Shoals
 40553 | Shoals:5 | Noticed Ilsuiw
 40564 | Shoals:5 | Mangled by a water elemental

Inventory:

Hand weapons
 x - the +7 spear "Veill" (weapon) {freeze, *Rage rElec rF++ Stlth++}
   (You found it on level 4 of the Dungeon)

   It has been specially enchanted to freeze those struck by it, causing extra
   injury to most foes and up to double damage against particularly susceptible
   opponents.
   It can also slow down cold-blooded creatures.
   It greatly protects you from fire.
   It insulates you from electricity.
   It may make you go berserk in combat.
   It makes you much more stealthy.
Armour
 b - the +3 crown of Dyrovepreva (worn) {rElec Int+2 SInv}
   (You bought it in a shop on level 1 of the Orcish Mines)

   It affects your intelligence (+2).
   It insulates you from electricity.
   It enhances your eyesight.
 h - a +0 pair of gloves (worn)
   (You found it on level 2 of the Lair of Beasts)
 n - a +2 robe of fire resistance (worn)
   (You took it off a human in a volcano)
 r - a +1 cloak (worn)
   (You took it off Crazy Yiuf on level 2 of the Dungeon)
 V - a +0 pair of boots (worn)
   (You found it on level 13 of the Dungeon)
Magical devices
 A - a wand of digging (10)
   (You found it on level 2 of the Snake Pit)
 M - a wand of heal wounds (2)
   (You took it off an orc on level 10 of the Dungeon)
 N - a wand of disintegration (13)
   (You found it on level 4 of the Lair of Beasts)
 Q - a wand of teleportation (3)
   (You found it on level 5 of the Lair of Beasts)
 U - a wand of heal wounds (5)
   (You found it on level 5 of the Lair of Beasts)
Comestibles
 c - 18 bread rations
 E - 3 meat rations
Scrolls
 a - 16 scrolls of teleportation
 d - 23 scrolls of identify
 f - 3 scrolls of blinking
 i - 2 scrolls of fear
 p - 2 scrolls of fog
 q - a scroll of vulnerability
 s - 6 scrolls of magic mapping
 z - 2 scrolls of enchant armour
 D - a scroll of summoning
 I - a scroll of enchant weapon
 K - a scroll of amnesia
 T - 4 scrolls of remove curse
Jewellery
 g - an uncursed ring of teleportation
   (You found it on level 8 of the Dungeon)
 t - a ring of magical power (right hand)
   (You found it on level 5 of the Dungeon)
 u - a +3 ring of strength
   (You found it on level 4 of the Dungeon)
 y - an amulet of the gourmand (around neck)
   (You took it off a kobold on level 5 of the Dungeon)
 B - the ring of Rosesch (left hand) {rPois Str-2 Stlth+}
   (You found it on level 8 of the Dungeon)

   [ring of stealth]

   It affects your strength (-2).
   It protects you from poison.
   It makes you more stealthy.
 C - an uncursed ring of protection from fire
   (You found it on level 2 of the Snake Pit)
 J - an uncursed amulet of warding
   (You found it on level 4 of the Lair of Beasts)
 O - an uncursed ring of positive energy
   (You found it on level 11 of the Dungeon)
 R - an uncursed ring of regeneration
   (You found it on level 5 of the Shoals)
Potions
 j - 7 potions of curing
 k - 2 potions of flight
 l - a potion of restore abilities
 m - a potion of invisibility
 o - 2 potions of magic
 v - 4 potions of agility
 G - 3 potions of heal wounds
 L - a potion of porridge
 W - 2 potions of might
 Z - 2 potions of haste
Books
 e - a manual of Fire Magic
   (You bought it in a shop on level 4 of the Orcish Mines)
 w - a book of the Tempests
   (You found it on level 2 of the Shoals)

   Spells                             Type                      Level
   Static Discharge                   Conjuration/Air              3
   Lightning Bolt                     Conjuration/Air              5
   *Fireball                          Conjuration/Fire             5
   Tornado                            Air                          9
   Shatter                            Earth                        9
 H - a book of Death
   (You found it on level 4 of the Shoals)

   Spells                             Type                      Level
   Corpse Rot                         Necromancy                   2
   Sublimation of Blood               Necromancy                   2
   Agony                              Necromancy                   5
   Dispel Undead                      Necromancy                   5
   Excruciating Wounds                Charms/Necromancy            5
   Bolt of Draining                   Conjuration/Necromancy       5
Magical staves
 P - an uncursed staff of conjuration
   (You found it on level 5 of the Shoals)
Rods
 F - a +1 rod of inaccuracy (14/14)
   (You found it in a labyrinth)

Table legend:
 A = Turns spent in this place as a percentage of turns spent in the entire game.
 B = Non-inter-level travel turns spent in this place as a percentage of non-inter-level travel turns spent in the entire game.
 C = Inter-level travel turns spent in this place as a percentage of turns spent in this place.
 D = Turns resting spent in this place as a percentage of non-inter-level travel turns spent in this place.
 E = Turns spent auto-exploring this place as a percentage of non-inter-level travel turns spent in this place.
 F = Non-inter-level travel turns spent in this place divided by the number of levels of this place that you've seen.
                   A       B       C       D       E      F
               +-------+-------+-------+-------+-------+----------------------
         Total | 100.0 | 100.0 |   0.8 |   3.4 |   7.6 | 328.7
       Dungeon |  39.6 |  39.6 |   0.9 |   3.4 |   8.8 | 329.5
        Temple |   0.4 |   0.4 |   2.2 |   0.0 |   6.8 |  44.0
  Orcish Mines |   4.8 |   4.8 |   1.0 |   1.7 |  15.4 | 151.0
          Lair |  21.2 |  21.1 |   1.2 |   4.4 |   8.0 | 329.5
        Shoals |  10.0 |  10.0 |   0.8 |   7.2 |  10.5 | 249.8
     Snake Pit |   6.4 |   6.4 |   1.1 |   4.5 |   8.2 | 265.3
     Labyrinth |  16.2 |  16.4 |   0.0 |   0.0 |   0.0 | 2042.0
       Volcano |   1.4 |   1.4 |   0.0 |   1.1 |   2.3 | 175.0
               +-------+-------+-------+-------+-------+----------------------


   Skills:
 + Level 10.3 Fighting
 + Level 3.9 Dodging
 - Level 2.4 Stealth
 + Level 16.7 Spellcasting
 * Level 19.3 Conjurations
 - Level 14.6 Charms
 + Level 16.0 Fire Magic
 - Level 10.8 Air Magic


You had 7 spell levels left.
You knew the following spells:

 Your Spells              Type           Power        Failure   Level  Hunger
a - Flame Tongue          Conj/Fire      #####        0%          1    None
b - Sticky Flame          Conj/Fire      #######.     0%          4    None
c - Conjure Flame         Conj/Fire      #######.     0%          3    None
d - Petrify               Trmt/Erth      ####....     17%         4    None
e - Swiftness             Chrm/Air       #######.     0%          2    None
f - Flight                Chrm/Air       #######...   1%          3    None
g - Deflect Missiles      Chrm/Air       #######...   1%          6    ##.....
h - Blink                 Tloc           N/A          2%          2    None
i - Apportation           Tloc           ####......   1%          1    None
j - Ignite Poison         Fire/Trmt      ######....   1%          5    None
A - Orb of Destruction    Conj           #######...   1%          7    ####...
D - Fireball              Conj/Fire      #######...   1%          5    None


Dungeon Overview and Level Annotations

Branches:
Dungeon (15/15)            Temple (1/1) D:6             Orc (4/4) D:9
    Elf (0/3) Orc:4          Lair (8/8) D:8          Shoals (5/5) Lair:4
  Snake (3/5) Lair:4        Slime (0/6) Lair:6       Vaults (0/5) D:13
 Depths (0/5) D:15

Altars:
Ashenzari
Cheibriados
Dithmenos
Elyvilon
Fedhas
Gozag
Kikubaaqudgha
Makhleb
Nemelex Xobeh
Okawaru
Qazlal
Ru
Sif Muna
Trog
Vehumet
Xom
Yredelemnul
Zin
The Shining One
Beogh

Shops:
D:13 *   Orc:1 !*!}[   Orc:4 :*%*:[

Portals:
Trove: D:13 (give +5 ice dragon armour)

Annotations:
D:2 Sigmund
Lair:3 Rupert
Shoals:5 Ilsuiw
Snake:3 Mara


Innate Abilities, Weirdness & Mutations

You have a pair of small horns on your head.
You passively map a small area around you.


Message History

You feel quick.
Ilsuiw mumbles some strange words.
Ilsuiw flickers and vanishes for a moment.
The merfolk javelineer hits you but does no damage.
The water elemental hits you.
The water elemental engulfs you in water!
The merfolk impaler hits you from afar with a glowing trident!
You writhe in agony.
With effort, you pull free of the water engulfing you.
You gasp with relief as air once again reaches your lungs.
The merfolk impaler closely misses you. The water elemental hits you!
Ilsuiw barely misses you.
The merfolk javelineer hits you from afar with a runed spear!
The merfolk impaler hits you with a trident of pain!
* * * LOW HITPOINT WARNING * * *
Ilsuiw casts a spell.
Ilsuiw blinks!
The merfolk javelineer hits you from afar with a runed spear!!
* * * LOW HITPOINT WARNING * * *
The merfolk impaler closely misses you. The water elemental hits you!!
You die...

, ≈≈≈≈≈≈≈≈≈≈≈≈≈≈≈ +
≈≈≈≈≈≈≈≈≈≈≈≈≈≈≈≈≈≈≈
≈≈≈≈≈≈≈≈≈≈≈≈≈≈≈≈≈≈%≈≈≈
≈≈≈≈≈≈≈≈≈ ≈≈≈≈≈≈≈%≈≈≈≈≈
≈≈≈≈≈≈≈≈≈ #≈≈.#..≈≈≈≈
≈≈≈≈≈≈≈≈≈# ,, #..##...≈≈ ≈
≈≈≈≈≈≈≈≈≈# ≈ ≈#......<.. ≈
≈≈≈≈≈≈≈≈≈+ ,≈ #≈≈.≈.....
≈≈≈≈≈≈≈≈≈≈# ≈#≈≈≈......
≈≈≈≈≈≈≈≈≈.## ,##≈≈≈......
≈≈≈≈≈≈≈≈≈@.#####≈≈≈≈..[...
≈≈≈≈≈≈≈≈EEE...(≈≈≈≈≈≈.%...
≈≈≈≈≈≈≈§§§m....≈.[≈≈≈≈.%..
≈
≈≈≈≈≈≈≈§§§m...≈≈≈≈≈≈≈≈≈..≈
≈
≈≈≈≈≈≈≈≈≈§§§≈.###≈≈≈≈≈≈≈≈≈≈
≈≈≈≈≈≈≈≈≈#≈≈≈≈##≈....≈≈≈≈ ≈
≈ ≈≈≈≈≈≈≈≈#≈#≈≈≈≈##....≈≈≈≈
≈ ≈≈≈≈≈≈≈≈≈#≈≈≈#≈ #..,≈≈≈≈
≈ ≈≈≈≈≈≈#≈ ≈≈#≈ . , ≈≈
≈≈≈≈≈#≈ ≈#≈≈ ≈ ≈ ≈≈≈≈ ≈≈#
≈≈ ≈≈


You could see a merfolk impaler, a merfolk javelineer and 3 water elementals.

Table legend:
 A = Kills in this place as a percentage of kills in entire the game.
 B = Kills by you in this place as a percentage of kills by you in the entire game.
 C = Kills by friends in this place as a percentage of kills by friends in the entire game.
 D = Other kills in this place as a percentage of other kills in the entire game.
 E = Experience gained in this place as a percentage of experience gained in the entire game.
 F = Experience gained in this place divided by the number of levels of this place that you have seen.
                   A       B       C       D       E      F
               +-------+-------+-------+-------+-------+----------------------
         Total | 100.0 | 100.0 |  -nan |  -nan | 100.0 | 6769.9
       Dungeon |  42.9 |  42.9 |  -nan |  -nan |  23.1 | 3963.7
  Orcish Mines |   9.9 |   9.9 |  -nan |  -nan |   4.2 | 2674.8
          Lair |  28.7 |  28.7 |  -nan |  -nan |  29.7 | 9552.2
        Shoals |  10.7 |  10.7 |  -nan |  -nan |  26.9 | 13820.6
     Snake Pit |   7.1 |   7.1 |  -nan |  -nan |  14.7 | 12645.7
     Labyrinth |   0.1 |   0.1 |  -nan |  -nan |   0.4 | 1105.0
       Volcano |   0.7 |   0.7 |  -nan |  -nan |   1.0 | 2540.0
               +-------+-------+-------+-------+-------+----------------------

Vanquished Creatures
  Monster Symbol All ' '
  The ghost of wvc the Bludgeoner, a powerful OgBe of Trog (Lair:6)
  The ghost of Mayheim the Carver, a powerful FoFi of Ru (Lair:6)
  The ghost of ciphuk the Insei, an average DrTm (D:3)
3 creatures vanquished. All '*' A giant spore (D:11) 177 tentacle segments (Shoals:2)
178 creatures vanquished. All '5' 14 crimson imps A quasit (D:11) 6 shadow imps A white imp (D:9)
22 creatures vanquished. All '8' 3 toenail golems (Volcano)
3 creatures vanquished. All '9' 2 gargoyles
2 creatures vanquished. All '@' Frances (Shoals:2) Kirke (D:15) Donald (Shoals:1) Maud (Lair:7) Erica (Lair:6) Eustachio (D:6) Jessica (D:2)
7 creatures vanquished. All 'B' A boring beetle (Lair:7) 2 goliath beetles
3 creatures vanquished. All 'C' 7 hill giants 5 cyclopes
12 creatures vanquished. All 'D' 6 hydras A fire dragon (Lair:8) 4 wyverns 3 steam dragons 2 mottled dragons (D:15)
16 creatures vanquished. All 'E' 11 water elementals
11 creatures vanquished. All 'F' 7 spiny frogs 8 blink frogs 20 giant frogs
35 creatures vanquished. All 'G' 4 eyes of draining
4 creatures vanquished. All 'H' Asterion (Shoals:2) A minotaur (Lab) 9 harpies 9 griffons 6 manticores 19 hippogriffs
45 creatures vanquished. All 'J' 4 slime creatures (D:14) 7 jellies 3 oozes
14 creatures vanquished. All 'K' 4 big kobolds 25 kobolds
29 creatures vanquished. All 'M' 2 mummies
2 creatures vanquished. All 'N' A greater naga (Snake:3) 9 naga warriors 2 naga sharpshooters (Snake:2) A salamander mystic (Snake:1) 2 naga ritualists 9 naga magi 30 nagas
54 creatures vanquished. All 'O' 6 ogre magi 11 two-headed ogres 46 ogres
63 creatures vanquished. All 'P' 2 ballistomycetes (D:11) 5 fungi 16 plants
23 creatures vanquished. All 'Q' 2 tengu warriors (D:14) A tengu conjurer (D:15)
3 creatures vanquished. All 'S' 3 anacondas 2 shock serpents 13 sea snakes 4 mana vipers 13 black mambas 2 guardian serpents 37 water moccasins 26 adders 5 ball pythons
105 creatures vanquished. All 'T' 6 trolls
6 creatures vanquished. All 'W' A shadow (D:15) 3 hungry ghosts 2 wraiths 2 phantoms
8 creatures vanquished. All 'X' A kraken (Shoals:2)
1 creature vanquished. All 'Y' 18 death yaks A catoblepas (Shoals:2) 14 elephants 55 yaks 6 ice beasts 3 sky beasts 8 sheep
105 creatures vanquished. All 'Z' A hydra zombie (D:8) A tengu zombie (D:13) 2 tengu skeletons A cyclops zombie (D:14) A big kobold zombie (D:6) A sky beast zombie (D:5) 2 ogre skeletons A hound zombie (D:9) A hound skeleton (D:8) An iguana zombie (D:5) 2 orc zombies An iguana skeleton (D:9) A bat zombie (D:5)
16 creatures vanquished. All 'a' A soldier ant (D:11) 13 worker ants
14 creatures vanquished. All 'b' 4 ravens 8 bats
12 creatures vanquished. All 'c' A yaktaur captain (D:15) A satyr (Shoals:4) 3 centaur warriors 12 fauns A yaktaur (D:15) 20 centaurs
38 creatures vanquished. All 'e' A deep elf mage (D:12)
1 creature vanquished. All 'g' A gnoll sergeant (D:11) A gnoll shaman (D:8) Crazy Yiuf (D:2) 13 gnolls 22 goblins 13 hobgoblins
51 creatures vanquished. All 'h' A polar bear (Lair:8) 3 hogs (D:15) A warg (Orc:4) 19 wolves A black bear (D:8) 19 hounds 9 jackals
53 creatures vanquished. All 'i' Agnes (Snake:3)
1 creature vanquished. All 'k' 9 fire drakes A wind drake (Shoals:2) 2 swamp drakes (Lair:8)
12 creatures vanquished. All 'l' 14 komodo dragons 5 basilisks 6 iguanas 4 giant geckos 8 giant newts
37 creatures vanquished. All 'm' 3 merfolk javelineers 3 merfolk impalers A merfolk aquamancer (Shoals:1) 2 merfolk avatars 2 water nymphs 8 sirens 29 merfolk
48 creatures vanquished. All 'n' A necrophage (D:11)
1 creature vanquished. All 'o' 11 orc warriors 20 orc wizards 12 orc priests 127 orcs
170 creatures vanquished. All 'p' 8 vault guards 6 humans (Volcano)
14 creatures vanquished. All 'r' 9 porcupines 73 green rats 15 quokkas 27 rats
124 creatures vanquished. All 's' 2 trapdoor spiders 5 scorpions 4 giant mites 6 giant cockroaches
17 creatures vanquished. All 't' An alligator snapping turtle (Shoals:4) 13 snapping turtles 19 crocodiles
33 creatures vanquished. All 'u' 2 ugly things (D:14)
2 creatures vanquished. All 'w' Gastronok (Lair:2) 5 worms 17 tentacles (Shoals:2)
23 creatures vanquished. All 'x' An unseen horror (D:13)
1 creature vanquished. All 'y' 3 vampire mosquitoes (D:12) 2 yellow wasps 7 killer bees
12 creatures vanquished. All 'z' 4 skeletal warriors 3 wights (D:11)
7 creatures vanquished.
1441 creatures vanquished. Monster Nature Uniques Asterion (Shoals:2) Agnes (Snake:3) Frances (Shoals:2) Kirke (D:15) Donald (Shoals:1) Maud (Lair:7) Gastronok (Lair:2) Erica (Lair:6) Eustachio (D:6) Crazy Yiuf (D:2) Jessica (D:2)
11 creatures vanquished. Natural Monsters A kraken (Shoals:2) A greater naga (Snake:3) The ghost of wvc the Bludgeoner, a powerful OgBe of Trog (Lair:6) The ghost of Mayheim the Carver, a powerful FoFi of Ru (Lair:6) 3 merfolk javelineers A minotaur (Lab) 3 merfolk impalers 8 vault guards A yaktaur captain (D:15) 6 hydras A fire dragon (Lair:8) 9 naga warriors A merfolk aquamancer (Shoals:1) 3 anacondas An alligator snapping turtle (Shoals:4) 2 merfolk avatars 2 tengu warriors (D:14) A satyr (Shoals:4) 6 ogre magi 3 centaur warriors 18 death yaks 2 naga sharpshooters (Snake:2) 2 shock serpents A catoblepas (Shoals:2) A salamander mystic (Snake:1) 7 hill giants 13 sea snakes An unseen horror (D:13) 2 naga ritualists 9 harpies 5 cyclopes 12 fauns 4 mana vipers 2 ugly things (D:14) 9 griffons 6 manticores 2 water nymphs 14 elephants 8 sirens 13 black mambas 2 guardian serpents 7 spiny frogs 9 naga magi 14 komodo dragons 9 fire drakes A yaktaur (D:15) 6 trolls A tengu conjurer (D:15) 29 merfolk A polar bear (Lair:8) A wind drake (Shoals:2) 4 ravens 11 two-headed ogres 2 trapdoor spiders A deep elf mage (D:12) 8 blink frogs 5 basilisks 13 snapping turtles 4 slime creatures (D:14) 55 yaks 3 hogs (D:15) 4 wyverns A warg (Orc:4) 3 steam dragons 6 humans (Volcano) 19 hippogriffs 19 wolves 2 mottled dragons (D:15) 30 nagas A soldier ant (D:11) 37 water moccasins 9 porcupines 2 swamp drakes (Lair:8) 6 ice beasts 11 orc warriors 3 sky beasts A black bear (D:8) 46 ogres 2 yellow wasps The ghost of ciphuk the Insei, an average DrTm (D:3) 20 centaurs 19 crocodiles A boring beetle (Lair:7) A gnoll sergeant (D:11) 4 big kobolds 20 giant frogs 5 scorpions 4 eyes of draining 7 killer bees 2 goliath beetles 7 jellies A gnoll shaman (D:8) 20 orc wizards 6 iguanas 12 orc priests 19 hounds 13 worker ants 8 sheep 13 gnolls 26 adders 73 green rats 4 giant mites 5 worms 4 giant geckos 3 oozes 127 orcs 5 ball pythons 8 bats 6 giant cockroaches 22 goblins 13 hobgoblins 15 quokkas 8 giant newts 9 jackals 25 kobolds 27 rats 17 tentacles (Shoals:2) 177 tentacle segments (Shoals:2)
1331 creatures vanquished. Non-Living Monsters 3 toenail golems (Volcano) 2 gargoyles 11 water elementals
16 creatures vanquished. Undead Monsters 4 skeletal warriors A hydra zombie (D:8) A shadow (D:15) 3 hungry ghosts 2 wraiths A tengu zombie (D:13) 3 vampire mosquitoes (D:12) 2 tengu skeletons A necrophage (D:11) 2 phantoms A cyclops zombie (D:14) 3 wights (D:11) A big kobold zombie (D:6) A sky beast zombie (D:5) 2 ogre skeletons A hound zombie (D:9) 2 mummies A hound skeleton (D:8) An iguana zombie (D:5) 2 orc zombies An iguana skeleton (D:9) A bat zombie (D:5)
37 creatures vanquished. Demonic Monsters 14 crimson imps A quasit (D:11) 6 shadow imps A white imp (D:9)
22 creatures vanquished. Plants A giant spore (D:11) 2 ballistomycetes (D:11) 5 fungi 16 plants
24 creatures vanquished.
1441 creatures vanquished. Ascending Order Asterion (Shoals:2) A kraken (Shoals:2) Agnes (Snake:3) Frances (Shoals:2) Kirke (D:15) Donald (Shoals:1) A greater naga (Snake:3) Maud (Lair:7) Gastronok (Lair:2) The ghost of wvc the Bludgeoner, a powerful OgBe of Trog (Lair:6) The ghost of Mayheim the Carver, a powerful FoFi of Ru (Lair:6) A minotaur (Lab) A yaktaur captain (D:15) A fire dragon (Lair:8) A merfolk aquamancer (Shoals:1) Erica (Lair:6) An alligator snapping turtle (Shoals:4) A satyr (Shoals:4) A catoblepas (Shoals:2) A salamander mystic (Snake:1) An unseen horror (D:13) A yaktaur (D:15) A hydra zombie (D:8) A tengu conjurer (D:15) A polar bear (Lair:8) A wind drake (Shoals:2) A deep elf mage (D:12) A shadow (D:15) Eustachio (D:6) A warg (Orc:4) A tengu zombie (D:13) A soldier ant (D:11) A black bear (D:8) A necrophage (D:11) The ghost of ciphuk the Insei, an average DrTm (D:3) A boring beetle (Lair:7) A gnoll sergeant (D:11) A cyclops zombie (D:14) A quasit (D:11) A gnoll shaman (D:8) Crazy Yiuf (D:2) A big kobold zombie (D:6) A sky beast zombie (D:5) Jessica (D:2) A hound zombie (D:9) A hound skeleton (D:8) A white imp (D:9) An iguana zombie (D:5) An iguana skeleton (D:9) A bat zombie (D:5) A giant spore (D:11) 2 merfolk avatars 2 tengu warriors (D:14) 2 naga sharpshooters (Snake:2) 2 shock serpents 2 naga ritualists 2 ugly things (D:14) 2 water nymphs 2 gargoyles 2 guardian serpents 2 trapdoor spiders 2 wraiths 2 mottled dragons (D:15) 2 tengu skeletons 2 swamp drakes (Lair:8) 2 yellow wasps 2 phantoms 2 goliath beetles 2 ogre skeletons 2 mummies 2 orc zombies 2 ballistomycetes (D:11) 3 merfolk javelineers 3 merfolk impalers 3 anacondas 3 centaur warriors 3 toenail golems (Volcano) 3 hungry ghosts 3 hogs (D:15) 3 vampire mosquitoes (D:12) 3 steam dragons 3 sky beasts 3 wights (D:11) 3 oozes 4 skeletal warriors 4 mana vipers 4 ravens 4 slime creatures (D:14) 4 wyverns 4 big kobolds 4 eyes of draining 4 giant mites 4 giant geckos 5 cyclopes 5 basilisks 5 scorpions 5 worms 5 ball pythons 5 fungi 6 hydras 6 ogre magi 6 manticores 6 trolls 6 humans (Volcano) 6 ice beasts 6 iguanas 6 shadow imps 6 giant cockroaches 7 hill giants 7 spiny frogs 7 killer bees 7 jellies 8 vault guards 8 sirens 8 blink frogs 8 sheep 8 bats 8 giant newts 9 naga warriors 9 harpies 9 griffons 9 naga magi 9 fire drakes 9 porcupines 9 jackals 11 two-headed ogres 11 water elementals 11 orc warriors 12 fauns 12 orc priests 13 sea snakes 13 black mambas 13 snapping turtles 13 worker ants 13 gnolls 13 hobgoblins 14 elephants 14 komodo dragons 14 crimson imps 15 quokkas 16 plants 17 tentacles (Shoals:2) 18 death yaks 19 wolves 19 hippogriffs 19 crocodiles 19 hounds 20 centaurs 20 giant frogs 20 orc wizards 22 goblins 25 kobolds 26 adders 27 rats 29 merfolk 30 nagas 37 water moccasins 46 ogres 55 yaks 73 green rats 127 orcs 177 tentacle segments (Shoals:2)
1441 creatures vanquished. The 3-digit Club 127 orcs 177 tentacle segments (Shoals:2)
304 creatures vanquished.

Action                   |  1- 3 |  4- 6 |  7- 9 | 10-12 | 13-15 | 16-18 || total
-------------------------+-------+-------+-------+-------+-------+-------++-------
Melee: Dagger            |     9 |    15 |       |       |       |       ||    24
       Mace              |     2 |     6 |       |       |       |       ||     8
       Spear             |       |    16 |    75 |    35 |    62 |    13 ||   201
       Staff             |       |       |    10 |     3 |       |       ||    13
Throw: Tomahawk          |       |       |       |     1 |     2 |       ||     3
 Cast: Flame Tongue      |    59 |   115 |   121 |   125 |   182 |    55 ||   657
       Conjure Flame     |     2 |     6 |    10 |    18 |     5 |     1 ||    42
       Sticky Flame      |       |     6 |    28 |    55 |    89 |    36 ||   214
       Fireball          |       |     4 |    32 |   158 |   187 |   172 ||   553
       Stone Arrow       |       |       |       |    33 |   113 |       ||   146
       Swiftness         |       |       |       |     6 |     9 |     5 ||    20
       Ignite Poison     |       |       |       |     1 |   113 |    94 ||   208
       Petrify           |       |       |       |       |     8 |       ||     8
       Orb of Destructio |       |       |       |       |       |   160 ||   160
       Apportation       |       |       |       |       |       |     2 ||     2
       Deflect Missiles  |       |       |       |       |       |     5 ||     5
       Flight            |       |       |       |       |       |     3 ||     3
       Blink             |       |       |       |       |       |     1 ||     1
Evoke: Wand              |       |     1 |     1 |    13 |     6 |       ||    21
       Rod               |       |       |       |     2 |     4 |       ||     6
  Use: Scroll            |    11 |     1 |     1 |     5 |    11 |     9 ||    38
       Potion            |       |     7 |     1 |     6 |     9 |     3 ||    26
 Stab: Sleeping          |     1 |     4 |     3 |     1 |     6 |       ||    15
  Eat: Chunk             |     2 |     9 |    27 |    35 |    40 |    56 ||   169
       Fruit             |       |       |       |     3 |       |     4 ||     7
       Meat ration       |       |       |       |     1 |       |     1 ||     2
       Pizza             |       |       |       |     1 |       |       ||     1
       Beef jerky        |       |       |       |       |       |     1 ||     1
       Bread ration      |       |       |       |       |       |     1 ||     1
